 Dungeon Crawl Stone Soup version 0.28-a0-828-g0121872642 (webtiles) character file.

Game seed: 863195230445096978

152 Sweebthomas the Cudgeller (level 5, -5/46 HPs)
             Began as a Hill Orc Fighter on Nov 11, 2021.
             Killed from afar by Ijyb (23 damage)
             ... with a bolt of acid
             ... on level 3 of the Dungeon.
             The game lasted 00:03:19 (3666 turns).

Sweebthomas the Cudgeller (Hill Orc Fighter)        Turns: 3666, Time: 00:03:20

Health: -5/46      AC:  6    Str: 19    XL:     5   Next: 34%
Magic:  5/5        EV:  9    Int:  9    God:
Gold:   165        SH:  4    Dex: 10    Spells: 4/4 levels left

rFire   . . .      SeeInvis .   i - +0 whip
rCold   . . .      Faith    .   c - +0 buckler
rNeg    . . .      Spirit   .   b - +0 scale mail
rPois   .          Reflect  .   (no helmet)
rElec   .          Harm     .   (no cloak)
rCorr   .          Rampage  .   (no gloves)
Will    .....                   (no boots)
Stlth   ..........              (no amulet)
HPRegen 0.15/turn               (no ring)
MPRegen 0.09/turn               (no ring)

@: mighty
A: no striking features
a: no special abilities


You were on level 3 of the Dungeon.
You visited 1 branch of the dungeon, and saw 3 of its levels.

You collected 165 gold pieces.

Inventory:

Hand Weapons
 a - a +0 flail
 i - a +0 whip (weapon)
Armour
 b - a +0 scale mail (worn)
 c - a +0 buckler (worn)
Scrolls
 f - a scroll of enchant weapon {unknown}
 g - a scroll of teleportation {unknown}
 o - a scroll of identify {unknown}
Potions
 e - a potion of lignification {unknown}
 h - a potion of mutation {unknown}
 j - a potion of haste {unknown}
 k - a potion of curing {unknown}
 l - 2 potions of attraction {unknown}
 m - a potion of degeneration {unknown}
 n - a potion of heal wounds {unknown}


   Skills:
 + Level 4.1 Fighting
 * Level 4.8 Maces & Flails
 - Level 3.2 Armour
 + Level 0.3 Dodging
 * Level 4.3 Shields


You had 4 spell levels left.
You didn't know any spells.
Your spell library contained the following spells:

 Spells                   Type           Power      Damage    Failure   Level
 Static Discharge         Conj/Air       0%         N/A       87%         2
 Lightning Bolt           Conj/Air       0%         1d11      100%        5
 Maxwell's Capacitive Co  Air            0%         ∞         100%        8


Dungeon Overview and Level Annotations

Branches:
Dungeon (3/15)

Altars:
Makhleb
Xom

Annotations:
D:3 Ijyb


Message History

No target in view!
No target in view!
HP restored.
Key pressed, stopping explore.
You see here a +0 mace.
Things that are here:
a +0 mace; 2 boomerangs; a +0 scale mail You see here a +0 mace.
Ijyb the Twisted Goblin comes into view.
She is wielding a +1 dagger of holy wrath and carrying a wand of acid (9).
Found a burning altar of Makhleb.
Ijyb is nearby!
Your movement speed is average.
Your attack delay is about 0.8.
You hit Ijyb.
Ijyb is lightly wounded.
Ijyb grins evilly.
Ijyb hits you but does no damage.
You hit Ijyb but do no damage.
Ijyb is lightly wounded.
You block Ijyb's attack.
You barely miss Ijyb.
Ijyb is lightly wounded.
Ijyb hits you with a +1 dagger of holy wrath.
You barely miss Ijyb.
Ijyb is lightly wounded.
You block Ijyb's attack.
You barely miss Ijyb.
Ijyb is lightly wounded.
You hit Ijyb.
Ijyb is lightly wounded.
You block Ijyb's attack.
You closely miss Ijyb.
Ijyb is lightly wounded.
Ijyb zaps a wand.
The bolt of acid hits you!!
Ouch! That really hurt!
You are too injured to fight recklessly!
You are too injured to fight recklessly!
You feel very mighty all of a sudden.
Ijyb zaps a wand.
The bolt of acid hits you!!
Ouch! That really hurt!
You die...

##...### #.##...........#
#......###.#######.##.#.#
..##.#.....# #.##.#(#
####.#####.## #.##...# #
#.####...# #.######
#...##..## #.#
###.....#..####.######
###...#............#
##..#._.g@.......#
#..#............#
#..#..#.........# #..##
#.........# #...#
#.........# #####
#.........# #.........#
#.........


You could see Ijyb.

Vanquished Creatures
  Jessica (D:3)
  Terence (D:3)
  4 adders
  2 worms
  A dart slug (D:3)
  5 orcs (D:3)
  3 endoplasms
  2 giant cockroaches (D:2)
  6 goblins
  5 hobgoblins
  7 quokkas
  4 ball pythons
  3 bats
  3 frilled lizards
  4 kobolds
  3 rats
54 creatures vanquished.

Notes
Turn   | Place    | Note
-------+----------+-------------------------------------------
     0 | D:1      | Sweebthomas the Hill Orc Fighter began the quest for the
                  | Orb.
     0 | D:1      | Reached XP level 1. HP: 19/19 MP: 1/1
   348 | D:1      | Reached XP level 2. HP: 24/27 MP: 2/2
  1078 | D:1      | Found a shimmering altar of Xom.
  1134 | D:2      | Reached XP level 3. HP: 30/33 MP: 3/3
  1965 | D:2      | Found a faded altar of an unknown god.
  2236 | D:3      | Noticed Terence
  2615 | D:3      | Reached XP level 4. HP: 35/40 MP: 4/4
  2796 | D:3      | Killed Terence
  2974 | D:3      | Noticed Jessica
  2985 | D:3      | Killed Jessica
  2986 | D:3      | Reached XP level 5. HP: 46/46 MP: 5/5
  3656 | D:3      | Found a burning altar of Makhleb.
  3656 | D:3      | Noticed Ijyb
  3666 | D:3      | Killed from afar by Ijyb

Illustrated notes

Levels and vault maps discovered:
D:1:      dpeg_arrival_water_altar, layout_loops_corners
D:2:      minmay_recursive_quarters, layout_basic,
          shapermc_ecumenical_altar_notcrosses
D:3:      layout_rooms, mainiacjoe_overflow_alcove_1, uniq_jessica, uniq_ijyb,
          uniq_terence

Skill      XL: |  1  2  3  4  5 |
---------------+----------------+-----
Shields        | 4 |  4.3
Maces & Flails | 3 4 |  4.8
Fighting       | 4 |  4.1
Armour         | |  3.2
Dodging        | |  0.3

Action                   |  1- 3 |  4- 6 || total
-------------------------+-------+-------++-------
Melee: Flail             |    32 |       ||    32
       Whip              |   159 |    80 ||   239
       Unarmed           |       |     5 ||     5
  Use: Potion            |       |     1 ||     1
Armor: Scale mail        |    66 |    17 ||    83
       Skin              |       |     1 ||     1
Dodge: Dodged            |    65 |    29 ||    94
Block: Buckler           |    37 |    16 ||    53

Table legend: (Time is in decaauts)
 A = Elapsed time spent in this place.
 B = Non-inter-level travel time spent in this place.
 C = Inter-level travel time spent in this place.
 D = Time resting spent in this place.
 E = Time spent auto-exploring this place.
 F = Levels seen in this place.
 G = Mean time per level.
                   A        B        C        D        E       F      G
               +--------+--------+--------+--------+--------+-----+--------+
         Total |   3667 |   3461 |    206 |    760 |   2151 |   3 | 1222.3 |
       Dungeon |   3667 |   3461 |    206 |    760 |   2151 |   3 | 1222.3 |
               +--------+--------+--------+--------+--------+-----+--------+

Top non-repeatable levels by time:
     D:3: 1307 daAuts
     D:2: 1254 daAuts
     D:1: 1105 daAuts
